 Dungeon Crawl Stone Soup version 0.28.0-45-g0d030f2227 (webtiles) character file.

Game seed: 3943558871147691418

1249 AwesomestEgon the Covered (level 8, -11/69 HPs)
             Began as a Minotaur Fighter on Mar 30, 2022.
             Was an Initiate of Nemelex Xobeh.
             Killed from afar by an oklob plant (28 damage)
             ... with a splash of acid
             ... created by the enmity of Fedhas Madash
             ... on level 5 of the Dungeon.
             The game lasted 00:29:37 (5057 turns).

AwesomestEgon the Covered (Minotaur Fighter)        Turns: 5057, Time: 00:29:39

Health: -11/69     AC:  6    Str: 30    XL:     8   Next: 26%
Magic:  7/7        EV: 14    Int:  5    God:    Nemelex Xobeh [......]
Gold:   114        SH:  4    Dex:  9    Spells: 7/7 levels left

rFire   + . .      SeeInvis .   F - +2 war axe (freeze)
rCold   . . .      Faith    .   c - +0 buckler
rNeg    . . .      Spirit   .   G - +4 scale mail "Baotej" {rF+}
rPois   .          Reflect  .   (helmet restricted)
rElec   .          Harm     .   (no cloak)
rCorr   .          Rampage  .   (no gloves)
Will    .....                   e - +1 pair of boots
Stlth   ..........              (no amulet)
HPRegen 0.21/turn               p - +6 ring of strength
MPRegen 0.10/turn               s - +4 ring of evasion

@: mighty, corroded
A: horns 2, retaliatory headbutt
a: Renounce Religion, Draw Escape, Draw Destruction, Draw Summoning


You were on level 5 of the Dungeon.
You worshipped Nemelex Xobeh.
Nemelex Xobeh was noncommittal.
You visited 2 branches of the dungeon, and saw 6 of its levels.

You collected 148 gold pieces.
You spent 34 gold pieces at shops.

Inventory:

Hand Weapons
 a - a +0 long sword
 f - a +2 dagger of venom
 g - a +1 dagger of electrocution
 j - a +2 whip of holy wrath
 k - a +2 whip of electrocution
 t - a +0 hunting sling
 F - a +2 war axe of freezing (weapon)
Missiles
 l - 185 stones (quivered)
 m - 87 sling bullets
 o - 11 poisoned darts
 q - 41 bolts
 r - 63 arrows
Armour
 b - a +0 scale mail
 c - a +0 buckler (worn)
 d - a +0 robe of the Archmagi
 e - a +1 pair of boots (worn)
 h - a +0 chain mail
 n - a +0 leather armour
 v - a +1 ring mail of fire resistance
 B - a +0 pair of boots
 G - the +4 scale mail "Baotej" (worn) {rF+}
   (You found it on level 5 of the Dungeon)

   rF:        It protects you from fire.
Jewellery
 p - a +6 ring of strength (left hand)
 s - a +4 ring of evasion (right hand)
 y - a ring of resist corrosion
 C - a ring of wizardry
 H - a ring of protection from cold
Wands
 u - a wand of mindburst (2)
 D - a wand of iceblast (9)
Scrolls
 x - a scroll of vulnerability
 A - a scroll of enchant weapon
 E - a scroll of teleportation
Potions
 i - a potion of magic
 z - 2 potions of curing


   Skills:
 + Level 5.5 Fighting
 + Level 2.6 Long Blades
 + Level 3.1(4.0) Axes
 + Level 3.5(4.1) Maces & Flails
 + Level 5.0(5.1) Slings
 + Level 1.0(3.0) Throwing
 + Level 7.1 Armour
 + Level 1.9 Dodging
 + Level 0.6 Stealth
 + Level 5.2 Shields


You had 7 spell levels left.
You didn't know any spells.
Your spell library contained the following spells:

 Spells                   Type           Power      Damage    Failure   Level
 Corpse Rot               Necr/Air       0%         N/A       89%         2
 Poisonous Vapours        Pois/Air       0%         N/A       89%         2


Dungeon Overview and Level Annotations

Branches:
Dungeon (5/15)             Temple (1/1) D:4

Altars:
Ashenzari
Cheibriados
Dithmenos
Elyvilon
Fedhas
Makhleb
Nemelex Xobeh
Okawaru
Sif Muna
Trog
Uskayaw
Vehumet
Zin
The Shining One

Shops:
D:2 (   D:3 *

Annotations:
D:5 exclusion: oklob plant


Innate Abilities, Weirdness & Mutations

You have a pair of horns on your head.
You reflexively headbutt those who attack you in melee.


Message History

2 oklob plants come into view.
You feel very mighty all of a sudden. The oklob plant spits acid at you.
The splash of acid hits you!
You slash the oklob plant! You freeze the oklob plant.
The oklob plant is moderately damaged.
You hit the oklob plant. You freeze the oklob plant.
The oklob plant is heavily damaged.
The oklob plant spits acid at you. The splash of acid hits you!
The acid corrodes you!
You hit the oklob plant. You freeze the oklob plant.
You headbutt the oklob plant, but do no damage.
The oklob plant is severely damaged.
You slash the oklob plant! You freeze the oklob plant!
You destroy the oklob plant!
That felt strangely unrewarding.
The oklob plant spits acid at you.
The splash of acid hits you but does no damage.
The acid corrodes you! The oklob plant spits acid at you.
The splash of acid hits you!!
You completely miss the oklob plant. You headbutt the oklob plant!
The oklob plant is moderately damaged.
You hit the oklob plant but do no damage.
The oklob plant is moderately damaged.
You hit the oklob plant. You freeze the oklob plant.
The oklob plant is moderately damaged.
The oklob plant spits acid at you. The splash of acid hits you!
* * * LOW HITPOINT WARNING * * *
The acid corrodes you!
You hit the oklob plant. You freeze the oklob plant.
You headbutt the oklob plant.
The oklob plant is heavily damaged.
You feel better.
You feel better. The oklob plant spits acid at you.
The splash of acid hits you!!
You die...
Your body disappears without a glow.

############# #.@..........
####### #P#################
......# #.# #..............
#####.# #.# #.####.†.#####
#####.#########.###.####...######
................................>
....#.###.###.#.###.###.._.#####.
###.......#.......#.# ##...#
#.........#.#.#.#.#.# #.P.#


You could see an oklob plant.

Vanquished Creatures
  An oklob plant (D:5)
  Grinder (D:5)
  Sigmund (D:3)
  A black bear (D:4)
  An ogre (D:5)
  2 scorpions
  2 water moccasin skeletons (D:5)
  A jelly (D:5)
  A hound (D:5)
  A centaur skeleton (D:4)
  Terence (D:3)
  Ijyb (D:3)
  2 iguanas (D:5)
  Robin (D:3)
  8 adders
  11 gnolls
  A shadow imp (D:5)
  6 worms
  3 dart slugs
  2 orcs
  7 ball pythons
  2 endoplasms (D:3)
  A giant cockroach (D:1)
  16 goblins
  8 hobgoblins
  2 quokkas (D:1)
  6 bats
  2 frilled lizards (D:2)
  7 kobolds
  6 rats
105 creatures vanquished.

Vanquished Creatures (others)
  A plant (D:5)
1 creature vanquished.

Grand Total: 106 creatures vanquished

Notes
Turn   | Place    | Note
-------+----------+-------------------------------------------
     0 | D:1      | AwesomestEgon the Minotaur Fighter began the quest for the
                  | Orb.
     0 | D:1      | Reached XP level 1. HP: 19/19 MP: 0/0
   582 | D:1      | Reached XP level 2. HP: 27/27 MP: 1/1
   922 | D:1      | Reached skill level 4 in Armour
  1111 | D:1      | Reached XP level 3. HP: 33/33 MP: 2/2
  1344 | D:2      | Reached skill level 1 in Maces & Flails
  1509 | D:2      | Reached XP level 4. HP: 40/40 MP: 3/3
  1509 | D:2      | Found Tiuptunt's Antique Weapon Shoppe.
  1524 | D:2      | Bought a hunting sling for 34 gold pieces
  1664 | D:2      | Found a faded altar of an unknown god.
  1668 | D:2      | Prayed at the altar of an unknown god.
  1668 | D:2      | Became a worshipper of Fedhas Madash
  1668 | D:2      | Reached * piety under Fedhas
  1800 | D:3      | Noticed Ijyb
  1809 | D:3      | Killed Ijyb
  2005 | D:3      | Noticed Terence
  2015 | D:3      | Killed Terence
  2016 | D:3      | Reached skill level 1 in Dodging
  2016 | D:3      | Reached XP level 5. HP: 45/47 MP: 4/4
  2046 | D:3      | Found Nyojoar's General Store.
  2160 | D:3      | Noticed Sigmund
  2170 | D:3      | Killed Sigmund
  2171 | D:3      | Reached skill level 5 in Armour
  2171 | D:3      | Reached XP level 6. HP: 53/53 MP: 5/5
  2260 | D:3      | Noticed Robin
  2273 | D:3      | Killed Robin
  2273 | D:3      | Reached ** piety under Fedhas
  2330 | D:3      | Reached skill level 5 in Fighting
  2846 | D:4      | Found a staircase to the Ecumenical Temple.
  2873 | Temple   | Entered the Ecumenical Temple
  3299 | D:4      | Reached skill level 5 in Shields
  3299 | D:4      | Reached XP level 7. HP: 57/61 MP: 6/6
  3863 | Temple   | Fell from the grace of Fedhas
  3863 | Temple   | Became a worshipper of Nemelex Xobeh the Trickster
  3996 | D:5      | Entered Level 5 of the Dungeon
  4011 | D:5      | Reached skill level 6 in Armour
  4222 | D:5      | Reached skill level 1 in Axes
  4240 | D:5      | Identified the +4 scale mail "Baotej" {rF+}
  4256 | D:5      | Found a shimmering blue altar of Sif Muna.
  4517 | D:5      | Noticed Grinder
  4522 | D:5      | Paralysed by Grinder for 5 turns
  4533 | D:5      | Killed Grinder
  4534 | D:5      | Reached skill level 5 in Slings
  4534 | D:5      | Reached skill level 7 in Armour
  4534 | D:5      | Reached XP level 8. HP: 55/69 MP: 7/7
  4731 | D:5      | Reached skill level 1 in Throwing
  5043 | D:5      | Noticed an oklob plant
  5043 | D:5      | Noticed an oklob plant
  5048 | D:5      | Killed an oklob plant
  5057 | D:5      | Killed from afar by an oklob plant

Illustrated notes

Levels and vault maps discovered:
D:1:      kennysheep_arrival_forest, layout_basic, minmay_close_crescents
D:2:      layout_rooms, serial_shops, nicolae_square_shop,
          hellmonk_ecumenical_altar_heavens_door
D:3:      layout_basic, serial_shops, nicolae_shop_trees, uniq_ijyb, uniq_robin,
          uniq_terence, uniq_sigmund
D:4:      layout_gridville, minmay_temple_entry_glass
D:5:      layout_basic, mainiacjoe_overflow_tiny_flanked,
          mainiacjoe_overflow_24_doors, minmay_misc_feat_cross, uniq_grinder
Temple:   nicolae_temple_god_jail

Skill      XL: |  1  2  3  4  5  6  7  8 |
---------------+-------------------------+-----
Shields        | 4 5 |  5.2
Fighting       | 4 5 |  5.5
Armour         | 4 5 7 |  7.1
Maces & Flails | 1 2 3 |  3.5
Dodging        | 1 |  1.9
Slings         | 2 3 5 |  5.0
Axes           | 2 3 |  3.1
Throwing       | 1 |  1.0
Long Blades    | |  2.6
Stealth        | |  0.6

Action                   |  1- 3 |  4- 6 |  7- 9 || total
-------------------------+-------+-------+-------++-------
Melee: Whip              |    92 |    67 |    11 ||   170
       Long sword        |     7 |       |       ||     7
       Headbutt          |     8 |    14 |    14 ||    36
       War axe           |       |       |    54 ||    54
 Fire: Hunting sling     |       |    54 |    26 ||    80
Throw: Stone             |     6 |     5 |     2 ||    13
Invok: Wall of Briars    |       |     1 |       ||     1
  Use: Potion            |     3 |     2 |     4 ||     9
       Scroll            |     3 |     1 |     4 ||     8
Armor: Scale mail        |    25 |       |     4 ||    29
       Chain mail        |    14 |    28 |    20 ||    62
       Skin              |    13 |       |       ||    13
Dodge: Dodged            |    40 |    43 |    42 ||   125
Block: Buckler           |    17 |    13 |    12 ||    42
